 Dungeon Crawl Stone Soup version 0.20.2-3-g29329e0561 (webtiles) character file.

249 Alfie the Shooter (level 5, -6/46 HPs)
             Began as a Minotaur Hunter on Aug 21, 2020.
             Mangled by peterlawrence's ghost (8 damage)
             ... on level 3 of the Dungeon.
             The game lasted 00:07:10 (1872 turns).

Alfie the Shooter (Minotaur Hunter)                 Turns: 1872, Time: 00:07:11

Health: -6/46      AC:  5    Str: 22    XL:     5   Next: 87%
Magic:  4/4        EV: 12    Int:  8    God:
Gold:   106        SH:  0    Dex: 10    Spells: 4/4 levels left

rFire    . . .     SeeInvis .   o - +2 short sword (venom)
rCold    . . .     Gourm    .   (no shield)
rNeg     . . .     Faith    .   k - +0 leather armour
rPois    .         Spirit   .   (helmet restricted)
rElec    .         Reflect  .   (no cloak)
rCorr    .         Harm     .   (no gloves)
MR       .....     Clarity  +   (no boots)
Stlth    +.........             (no amulet)
Regen    0.2/turn               (no ring)
MPRegen  0.1/turn               (no ring)

@: no status effects
A: retaliatory headbutt, horns 2, yellow scales 1, clarity, strong 2
a: no special abilities


You were on level 3 of the Dungeon.
You were not hungry.

You visited 1 branch of the dungeon, and saw 3 of its levels.

You collected 106 gold pieces.

Inventory:

Hand Weapons
 a - a +1 shortbow
 o - a +2 short sword of venom (weapon)
Missiles
 d - 59 arrows
Armour
 k - a +0 leather armour (worn)
Scrolls
 b - a scroll of remove curse
Potions
 e - 3 potions of mutation
 h - a potion of lignification {unknown}
 i - a potion of haste {unknown}
 j - a potion of curing {unknown}
 m - 2 potions of heal wounds {unknown}
 q - a potion of cancellation {unknown}
Comestibles
 c - a royal jelly
 l - 2 bread rations


   Skills:
 + Level 3.7 Fighting
 + Level 0.9 Short Blades
 + Level 6.2 Bows
 + Level 2.8 Armour
 + Level 2.6 Dodging
 + Level 1.5 Stealth


You had 4 spell levels left.
You didn't know any spells.

Dungeon Overview and Level Annotations

Branches:
Dungeon (3/15)

Altars:
Makhleb
The Shining One

Annotations:
D:2 Natasha
D:3 peterlawrence's ghost, amateur MiFi


Innate Abilities, Weirdness & Mutations

You reflexively headbutt those who attack you in melee.
You have a pair of horns on your head.
You are partially covered in yellow scales. (AC +2)
You possess an exceptional clarity of mind.
Your muscles are very strong. (Str +4)


Message History

You feel sick.
You feel sick.
You feel sick.
You are no longer poisoned.
There is a stone staircase leading down here.
You climb downwards.
Found 22 stones.
There is a stone staircase leading up here.
Peterlawrence's ghost (amateur Minotaur Fighter) comes into view.
Peterlawrence's ghost turns its malevolent gaze towards you.
You open the door.
Found a glowing golden altar of the Shining One.
Peterlawrence's ghost hits you!
You hit peterlawrence's ghost but do no damage.
You headbutt peterlawrence's ghost.
Peterlawrence's ghost is lightly damaged.
Peterlawrence's ghost hits you!
* * * LOW HITPOINT WARNING * * *
Peterlawrence's ghost hits you!
You die...

( #...#########
.##.....#.....#.##...#
......................
....................#
#...................##
#.....................
#........P≈≈P......#
#.<....#..PP.......#
##....##'......W@..#
##..##_##..⌠.....##
##..###.........#
##..#.......####
##.......### ###...###
#####


You could see peterlawrence's ghost.

Vanquished Creatures
  Sigmund (D:2)
  Robin (D:1)
  3 adders (D:2)
  A worm (D:2)
  2 dart slugs (D:1)
  A leopard gecko (D:2)
  2 ball pythons
  3 bats
  15 goblins
  8 hobgoblins
  A quokka (D:2)
  A frilled lizard (D:2)
  3 kobolds
  6 rats
48 creatures vanquished.

Notes
Turn   | Place    | Note
-------+----------+-------------------------------------------
     0 | D:1      | Alfie the Minotaur Hunter began the quest for the Orb.
     0 | D:1      | Reached XP level 1. HP: 18/18 MP: 0/0
   132 | D:1      | Reached XP level 2. HP: 16/25 MP: 1/1
   204 | D:1      | Reached skill level 5 in Bows
   672 | D:2      | Noticed Robin
   690 | D:1      | Killed Robin
   690 | D:1      | Reached XP level 3. HP: 22/30 MP: 2/2
   798 | D:2      | Reached skill level 1 in Stealth
   894 | D:2      | Noticed Natasha
   945 | D:2      | Found a burning altar of Makhleb.
  1339 | D:2      | Reached XP level 4. HP: 27/38 MP: 3/3
  1482 | D:2      | Noticed Sigmund
  1484 | D:2      | Reached skill level 1 in Armour
  1691 | D:2      | Killed Sigmund
  1691 | D:2      | Reached skill level 6 in Bows
  1691 | D:2      | Reached XP level 5. HP: 12/46 MP: 4/4
  1711 | D:2      | Gained mutation: Your muscles are strong. (Str +2) [potion of mutation]
  1711 | D:2      | Gained mutation: You are partially covered in yellow scales. (AC +2) [potion of mutation]
  1711 | D:2      | Gained mutation: You possess an exceptional clarity of mind. [potion of mutation]
  1711 | D:2      | Gained mutation: Your muscles are very strong. (Str +4) [potion of mutation]
  1861 | D:3      | Noticed peterlawrence's ghost (amateur MiFi)
  1862 | D:3      | Found a glowing golden altar of the Shining One.
  1872 | D:3      | HP: 2/46 [peterlawrence's ghost (16)]
  1872 | D:3      | Mangled by peterlawrence's ghost

Skill      XL: |  1  2  3  4 |
---------------+-------------+-----
Bows           | 5 6 |  6.2
Stealth        | 1 |  1.5
Fighting       | 3 |  3.7
Armour         | 2 |  2.8
Short Blades   | |  0.9
Dodging        | |  2.6

Action                   |  1- 3 |  4- 6 || total
-------------------------+-------+-------++-------
Melee: Short sword       |    26 |    40 ||    66
       Headbutt          |     2 |     6 ||     8
 Fire: Shortbow          |    72 |     6 ||    78
  Use: Scroll            |     5 |     4 ||     9
       Potion            |       |     1 ||     1
 Stab: Sleeping          |     1 |       ||     1
  Eat: Bread ration      |     1 |       ||     1
Armor: Leather armour    |     4 |    13 ||    17
Dodge: Dodged            |    43 |    37 ||    80
